Map: [ESL] Oceanborn

Players

HeroMarine

  • Race: Terran Terran
  • Spawn Location: 5:00

ShoWTimE - Winner!

  • Race: Protoss Protoss
  • Spawn Location: 11:00

Event: ESL SC2 Masters 2023 Winter (Regional)

VOD

Have the link to the VOD?

Description

Time

  • Played on: Nov. 10, 2023, 10:08 a.m.
  • Length: 15:15

All games in this series

Show
View Real Time Build Order
Export as new Build Order

HeroMarine Terran 

Build Orders: Cyclone Opening, Reaper Expand 

Get SALT Encoding   

  12  0:00  SCV  
  13  0:12  SCV  
  14  0:17  Supply Depot  
  14  0:24  SCV  
  15  0:38  SCV  
  15  0:40  Barracks  
  16  0:43  Refinery  
  16  0:50  SCV  
  17  1:03  SCV  
  18  1:15  SCV  
  19  1:26  Reaper  
  19  1:27  Orbital Command  
  20  1:39  Command Center  
  20  1:46  Supply Depot  
  20  1:52  SCV  
  21  1:58  Marine  
  22  2:04  SCV  
  22  2:06  Factory  
  23  2:09  Refinery  
  23  2:16  SCV, Marine  
  25  2:28  SCV  
  26  2:34  Marine  
  26  2:40  SCV  
  27  2:49  Cyclone  
  27  2:50  Starport  
  29  2:51  Orbital Command  
  29  2:53  SCV  
  29  2:57  Barracks Reactor  
  30  3:05  SCV  
  31  3:08  Barracks  
  31  3:17  SCV  
  31  3:18  SCV  
  33  3:21  Widow Mine  
  35  3:27  Medivac  
  35  3:29  SCV  
  35  3:30  SCV  
  35  3:33  Barracks  
  39  3:34  Marine x2  
  42  3:41  Supply Depot, SCV  
  42  3:43  Factory Tech Lab, SCV  
  42  3:50  Engineering Bay  
  42  3:52  Bunker  
  42  3:55  SCV x2  
  41  3:57  Marine  
  41  3:59  Marine  
  44  4:03  Starport Tech Lab  
  44  4:07  SCV  
  44  4:08  SCV  
  46  4:10  Marauder  
  46  4:18  Stimpack  
  46  4:19  Terran Infantry Weapons Level 1, SCV  
  46  4:20  SCV  
  48  4:24  Refinery  
  48  4:26  Supply Depot  
  48  4:29  Marine  
  48  4:31  SCV, Marine  
  50  4:32  Marine, SCV  
  50  4:38  Marine  
  53  4:39  Refinery  
  53  4:40  Combat Shield  
  53  4:45  Supply Depot  
  54  4:47  SCV x2  
  54  4:48  Factory Reactor, Supply Depot  
  54  4:50  Starport Reactor  
  54  4:51  Marine  
  57  4:56  Marine  
  57  4:59  SCV  
  62  5:00  Marauder, SCV  
  62  5:05  Supply Depot  
  62  5:06  Marauder  
  64  5:09  Marine  
  64  5:12  SCV x2  
  64  5:13  Marine  
  68  5:22  Marauder  
  68  5:24  Supply Depot  
  68  5:26  Medivac x2  
  68  5:27  Widow Mine  
  68  5:28  Marauder  
  78  5:31  Marine, Widow Mine  
  78  5:32  Marine  
  82  5:36  SCV  
  82  5:37  SCV  
  81  5:44  Marauder  
  81  5:49  Marauder, Marine  
  83  5:50  Marine  
  83  5:54  Widow Mine x2  
  87  5:57  Supply Depot  
  87  5:58  Medivac  
  87  6:02  Command Center, Medivac  
  89  6:11  Armory, SCV x2  
  91  6:14  Marauder  
  93  6:19  Marauder, Marine x2  
  93  6:20  Supply Depot  
  93  6:23  SCV x2  
  99  6:27  Terran Infantry Armor Level 1  
  99  6:28  Supply Depot  
  99  6:30  Widow Mine  
  102  6:41  Widow Mine  
  103  6:48  Marauder x2  
  103  6:50  Barracks x2  
  103  6:53  Marine x2  
  109  6:56  SCV x2  
  109  7:00  Widow Mine, Medivac x2  
  111  7:03  Widow Mine  
  113  7:08  SCV x2  
  113  7:10  Marauder x2  
  113  7:11  Marine x2  
  117  7:16  Orbital Command  
  117  7:20  SCV x2  
  114  7:25  Widow Mine x2  
  114  7:29  Marine  
  113  7:31  Marauder  
  113  7:32  Marauder, Engineering Bay  
  113  7:34  Medivac x2  
  121  7:39  Supply Depot  
  121  7:41  Orbital Command, Missile Turret  
  121  7:43  SCV x2  
  123  7:45  Barracks Reactor, Barracks Tech Lab  
  123  7:46  Marine  
  123  7:47  Marine  
  125  7:52  Marauder  
  125  7:53  Marauder  
  125  7:55  SCV x2  
  128  8:03  Marine  
  128  8:04  Marine  
  128  8:05  Marine  
  130  8:12  Widow Mine x2  
  132  8:14  Marauder x2  
  132  8:17  SCV x2  
  132  8:18  SCV  
  135  8:21  Marine x3  
  135  8:22  Marine x2  
  135  8:24  Concussive Shells  
  125  8:30  SCV x3  
  108  8:35  Marine, Marauder  
  108  8:38  Marine  
  108  8:39  Marine x2  
  108  8:40  Marine x2  
  115  8:42  SCV x3  
  115  8:44  Widow Mine  
  119  8:49  Widow Mine  
  119  8:53  Marine  
  119  8:54  SCV x2  
  119  8:55  SCV  
  125  8:56  Marine x3  
  125  8:58  Marine x2, Marauder  
  125  8:59  Viking  
  125  9:01  Viking  
  134  9:05  Widow Mine  
  134  9:06  SCV x2  
  134  9:07  Terran Infantry Weapons Level 2, SCV  
  136  9:11  Marauder  
  136  9:14  Marine  
  136  9:16  Marine x2  
  141  9:21  Supply Depot  
  141  9:22  Supply Depot  
  141  9:29  Marauder  
  141  9:37  Marauder  
  141  9:38  SCV  
  141  9:39  Widow Mine x2, Marauder, SCV x2  
  141  9:40  Command Center  
  141  9:42  Medivac x2  
  153  9:45  Refinery x2  
  153  9:50  SCV  
  153  9:51  Marauder, SCV x2  
  158  9:53  Marine  
  158  9:57  Marine x2  
  158  9:59  Marauder  
  163  10:02  SCV, Marine  
  165  10:08  Marine  
  165  10:09  SCV x2  
  165  10:12  Viking  
  165  10:13  Marauder, Supply Depot  
  168  10:18  Marine  
  168  10:19  Marine x2  
  168  10:20  Ghost Academy  
  173  10:23  Marauder  
  173  10:25  Starport  
  173  10:27  SCV x2  
  172  10:28  SCV  
  172  10:34  Marauder x2  
  172  10:43  Viking x2  
  172  10:44  Marauder  
  175  10:52  Terran Ship Weapons Level 1  
  175  10:54  SCV  
  175  10:55  SCV x2  
  176  11:02  Viking x2  
  180  11:05  Sensor Tower  
  180  11:13  Viking, Medivac  
  180  11:16  SCV x3  
  188  11:20  Marine x2  
  188  11:21  Marine x2  
  188  11:23  Planetary Fortress  
  191  11:28  SCV x2  
  191  11:29  SCV  
  191  11:32  Medivac  
  194  11:38  Terran Infantry Weapons Level 3  
  186  11:40  SCV  
  186  11:41  Marauder x2  
  186  11:43  SCV x2  
  178  11:47  Medivac, Marauder  
  172  11:54  Medivac  
  172  12:01  Marine x4  
  167  12:02  Supply Depot  
  167  12:03  Marauder x2  
  167  12:08  Missile Turret, Marine, Refinery  
  176  12:10  Viking, Refinery  
  176  12:15  Sensor Tower  
  178  12:18  Missile Turret  
  178  12:19  Missile Turret  
  178  12:26  Missile Turret, Marauder  
  178  12:27  Missile Turret  
  179  12:33  Marauder x2  
  179  12:35  Terran Infantry Armor Level 2  
  179  12:36  Marine  
  182  12:47  Ghost  
  182  12:50  Marine x2  
  182  12:51  Marine  
  187  12:54  Ghost x2, Marine  
  192  13:01  Bunker  
  181  13:14  Marine x2  
  181  13:15  Ghost  
  168  13:22  Ghost x2  
  139  13:28  Viking x2  
  139  13:29  Viking x2  
  145  13:42  Marine x2  
  145  13:43  Marine  
  145  13:44  Marauder  
  150  13:52  Orbital Command, Marauder x2  
  139  13:58  Viking, Medivac  
  139  13:59  Viking  
  143  14:04  Viking  
  143  14:06  Marauder  
  143  14:08  Marine  
  144  14:13  Marauder x2  
  147  14:23  Marine x2  
  130  14:26  Marine x2  
  130  14:27  Marauder  
  117  14:34  Marauder  
  117  14:35  Viking x2, Marauder  
  121  14:40  Marine  
  121  14:41  Viking, Marine  
  121  14:44  Marine  
  126  14:49  Marauder  
Show
View Real Time Build Order
Export as new Build Order

ShoWTimE Protoss - Winner!

Build Orders: 1 Gate Expand, Blink Stalkers 

Get SALT Encoding   

  12  0:00  Probe  
  13  0:12  Probe  
  14  0:16  Pylon  
  14  0:24  Probe (Chrono Boost)  
  15  0:36  Gateway, Probe (Chrono Boost)  
  16  0:44  Probe (Chrono Boost)  
  16  0:45  Assimilator  
  17  0:51  Probe  
  18  1:03  Probe  
  19  1:15  Probe  
  20  1:23  Cybernetics Core  
  20  1:31  Nexus  
  20  1:34  Probe  
  21  1:41  Pylon  
  21  1:46  Probe  
  22  1:48  Assimilator  
  22  1:57  Adept (Chrono Boost)  
  22  1:58  Probe, Warp Gate (Chrono Boost)  
  25  2:10  Probe  
  26  2:19  Stalker  
  26  2:22  Probe  
  29  2:30  Twilight Council  
  29  2:34  Probe  
  30  2:39  Gateway  
  30  2:43  Probe  
  31  2:46  Probe  
  32  2:52  Stalker  
  32  2:55  Probe  
  32  2:58  Blink (Chrono Boost), Probe  
  36  3:08  Probe  
  36  3:10  Probe  
  38  3:20  Probe  
  38  3:21  Pylon  
  38  3:22  Probe  
  38  3:25  Robotics Facility  
  40  3:32  Probe  
  41  3:35  Probe  
  41  3:38  Stalker x2  
  46  3:44  Probe  
  46  3:47  Probe  
  48  3:49  Assimilator  
  48  3:56  Probe, Pylon  
  48  3:59  Probe  
  48  4:01  Stalker x2  
  54  4:12  Probe  
  51  4:18  Observer  
  51  4:20  Nexus  
  51  4:23  Pylon  
  52  4:24  Probe x2  
  52  4:28  Stalker  
  52  4:31  Stalker  
  58  4:36  Probe x2  
  60  4:39  Observer  
  60  4:42  Pylon  
  61  4:49  Probe x2  
  61  4:50  Forge  
  63  4:59  Stalker x2  
  67  5:01  Probe x2  
  67  5:06  Observer  
  69  5:09  Gateway, Charge (Chrono Boost)  
  69  5:10  Gateway  
  69  5:11  Pylon  
  69  5:13  Probe  
  69  5:14  Probe  
  71  5:16  Protoss Ground Weapons Level 1 (Chrono Boost)  
  71  5:26  Probe  
  71  5:28  Probe  
  73  5:32  Probe  
  74  5:36  Gateway  
  74  5:38  Shield Battery, Probe  
  74  5:40  Sentry x2, Probe  
  80  5:44  Probe  
  79  5:50  Observer, Probe  
  79  5:53  Probe  
  79  5:55  Pylon  
  81  5:57  Gateway  
  81  6:04  Gateway  
  81  6:05  Gateway  
  81  6:07  Sentry, Pylon  
  81  6:08  Sentry, Zealot x2  
  87  6:15  Observer  
  87  6:18  Pylon x2  
  87  6:24  Nexus  
  87  6:28  Warp Prism  
  87  6:30  Stalker x2  
  93  6:35  Stalker x2  
  93  6:39  Stalker  
  99  6:42  Pylon  
  99  6:44  Pylon  
  99  7:00  Zealot x7  
  113  7:07  Zealot  
  115  7:09  Observer  
  105  7:23  Pylon  
  105  7:24  Nexus  
  104  7:30  Protoss Ground Weapons Level 2 (Chrono Boost)  
  104  7:32  Zealot x3  
  104  7:33  Zealot  
  104  7:34  Zealot x4  
  120  7:37  Robotics Bay  
  120  7:42  Probe x2  
  120  7:43  Probe  
  123  7:48  Pylon  
  123  7:51  Observer  
  123  7:54  Zealot x4, Probe  
  123  7:56  Shield Battery  
  124  8:03  Zealot x2  
  124  8:04  Zealot x6  
  138  8:11  Observer  
  128  8:24  Zealot x4  
  128  8:25  Zealot x4  
  128  8:27  Probe x2  
  128  8:33  Probe  
  115  8:39  Probe x2  
  117  8:44  Colossus (Chrono Boost)  
  117  8:45  Probe  
  117  8:46  Probe  
  123  8:49  Extended Thermal Lance  
  123  8:51  Zealot x4, Probe x2  
  123  8:52  Assimilator  
  133  8:57  Zealot x2  
  133  9:02  Zealot x2  
  139  9:03  Shield Battery  
  139  9:09  Probe  
  136  9:14  Photon Cannon  
  136  9:15  Stalker x3  
  138  9:21  Probe  
  139  9:24  Stalker x2  
  139  9:25  Stalker  
  139  9:27  Colossus (Chrono Boost)  
  143  9:34  Probe x2  
  143  9:35  Probe  
  146  9:38  Forge  
  146  9:42  Protoss Ground Armor Level 1 (Chrono Boost)  
  144  9:46  Zealot x3  
  144  9:47  Zealot x2  
  144  9:51  Photon Cannon  
  154  9:56  Photon Cannon  
  154  9:59  Pylon  
  154  10:00  Photon Cannon  
  154  10:02  Stalker x2  
  157  10:09  Colossus (Chrono Boost)  
  157  10:14  Pylon  
  161  10:17  Zealot x4  
  165  10:29  Zealot x3  
  165  10:31  Pylon  
  161  10:37  Robotics Facility, Probe  
  161  10:41  Observer  
  161  10:42  Zealot x5  
  172  10:47  Disruptor (Chrono Boost)  
  172  10:49  Nexus  
  176  10:53  Protoss Ground Weapons Level 3 (Chrono Boost), Probe  
  176  11:02  Photon Cannon  
  176  11:07  Zealot x5  
  186  11:14  Shield Battery  
  186  11:15  Photon Cannon  
  186  11:19  Zealot  
  188  11:25  Gateway  
  188  11:26  Protoss Ground Armor Level 2 (Chrono Boost)  
  188  11:28  Gateway  
  188  11:38  Disruptor (Chrono Boost), Zealot  
  188  11:44  Zealot x7, Disruptor (Chrono Boost)  
  170  12:09  Gateway  
  170  12:10  Photon Cannon, Pylon  
  170  12:11  Disruptor (Chrono Boost)  
  170  12:12  Gateway  
  170  12:15  Zealot x8  
  190  12:18  Disruptor (Chrono Boost)  
  194  12:23  Probe x3  
  194  12:29  Stalker x2  
  199  12:34  Warp Prism  
  199  12:40  Gateway  
  199  12:44  Gateway  
  199  12:50  Disruptor  
  197  12:54  Nexus, Zealot  
  197  12:57  Pylon  
  189  13:17  Zealot x2  
  189  13:18  Zealot x3  
  184  13:24  Zealot x5  
  184  13:25  Disruptor  
  184  13:26  Disruptor  
  182  13:39  Pylon  
  182  13:40  Pylon  
  182  13:41  Pylon  
  165  13:46  Zealot  
  164  13:55  Pylon  
  162  13:59  Zealot x7  
  162  14:00  Zealot x4  
  180  14:08  Zealot x3  
  160  14:26  Zealot x3  
  160  14:27  Nexus  
  148  14:36  Zealot x4  
  132  14:54  Stalker x6  
  136  15:05  Zealot x3  
  134  15:11  Zealot x2  
Tags
 
Add a new tag
Caveats
  • Supply blocks, unpowered buildings, or Contaminate may cause inaccurate times.
  • Supply counts are checked every 10 seconds.